 Dungeon Crawl Stone Soup version 0.20-a0-1040-gfd09691 (webtiles) character file.

2510 w00t the Chopper (level 9, -3/72 HPs)
             Began as a Mummy Fighter on Apr 23, 2017.
             Was an Initiate of Gozag.
             Slain by a killer bee (6 damage)
             ... on level 6 of the Dungeon.
             The game lasted 00:11:10 (8672 turns).

w00t the Chopper (Mummy Fighter)                    Turns: 8672, Time: 00:11:11

Health: -3/72      AC: 15    Str: 20    XL:     9   Next: 28%
Magic:  9/9        EV: 15    Int:  8    God:    Gozag
Gold:   422        SH:  0    Dex: 18    Spells: 8/8 levels left

rFire    x . .     SeeInvis .   a - +0 battleaxe (distort) {!w}
rCold    + . .     Gourm    .   (shield currently unavailable)
rNeg     + + +     Faith    .   o - +0 chain mail
rPois    ∞         Spirit   .   l - +2 helmet
rElec    .         Reflect  .   k - +2 cloak
rCorr    .         Harm     .   (no gloves)
MR       +....                  (no boots)
Stlth    ..........             (no amulet)
Regen    0.3/turn               (no ring)
MPRegen  0.2/turn               (no ring)

@: agile, flying, very slightly contaminated, invisible
A: no food or potions, fire vulnerability, cold resistance 1, negative energy
resistance 3, torment resistance, unbreathing
a: Potion Petition, Call Merchant, Bribe Branch, Renounce Religion


You were on level 6 of the Dungeon.
You worshipped Gozag.
Gozag was aware of your devotion.
You were not hungry.

You visited 2 branches of the dungeon, and saw 8 of its levels.

You collected 478 gold pieces.
You paid 56 gold pieces to Gozag.

Inventory:

Hand Weapons
 a - a +0 battleaxe of distortion (weapon) {!w}
 b - a +0 mace
 r - a +0 war axe
Missiles
 d - 111 stones (quivered)
 m - 12 javelins
 p - 8 tomahawks
Armour
 c - a +0 shield
 k - a +2 cloak (worn)
 l - a +2 helmet (worn)
 o - a +0 chain mail (worn)
Jewellery
 e - an uncursed ring of protection from cold {rC+, !d}
Scrolls
 f - 6 scrolls of remove curse {@r2}
 g - a scroll of teleportation
 h - 7 scrolls of identify {@r1}
 j - 2 scrolls of blinking {!r}
 n - 2 scrolls of fog {unknown}


   Skills:
 + Level 7.1 Fighting
 - Level 7.3 Axes
 - Level 2.4 Armour
 - Level 5.3 Dodging
 - Level 2.4 Shields


You had 8 spell levels left.
You didn't know any spells.

Dungeon Overview and Level Annotations

Branches:
Dungeon (7/15)             Temple (1/1) D:4

Altars:
Ashenzari
Cheibriados
Dithmenos
Elyvilon
Gozag
Hepliaklqana
Kikubaaqudgha
Nemelex Xobeh
Okawaru
Qazlal
Ru
Sif Muna
Trog
Uskayaw
Vehumet
Wu Jian
Xom
Yredelemnul
Zin

Shops:
D:6 :

Annotations:
D:4 exclusion: 2 downstairs, Grinder
D:6 exclusion: downstairs


Innate Abilities, Weirdness & Mutations

You do not eat or drink.
Your flesh is vulnerable to fire.
You are immune to poison.
Your flesh is cold resistant. (rC+)
You are immune to negative energy. (rN+++)
You are immune to unholy pain and torment.
You can survive without breathing.


Message History

You barely miss the killer bee. The killer bee barely misses you.
The killer bee stings you but does no damage.
The killer bee stings you.
* * * LOW HITPOINT WARNING * * *
You miss the killer bee.
The killer bee stings you but does no damage.
The killer bee stings you.
* * * LOW HITPOINT WARNING * * *
[a] - 0 gold - flight, agility and invisibility [b] - 0 gold - resistance and agility [c] - 0 gold - haste and flight Purchase which effect?
You feel very buoyant.
You fly up into the air.
You feel agile all of a sudden.
You fade into invisibility!
The killer bee barely misses you. The killer bee closely misses you.
You are very lightly contaminated with residual magic.
You miss the killer bee. The killer bee stings you.
You die...
Your body crumbles into a pile of gold.

# #
#################################
+...............@y...............
.....######'#####################
≈≈≈≈.# #.........# #........
≈≈≈≈.####.........# #.##(.###
≈≈≈≈....(.........# #.#(.....
≈≈≈≈..#####'#.....# #.#...###
......# #.#.....# #.#)....#
≈≈≈≈..# #.#.....# #.#..<#.#
≈≈≈≈.## #.#.....# #.#.###.#


You could see a killer bee.

Vanquished Creatures
  Menkaure (D:5)
  Duvessa (D:5)
  3 sky beasts
  2 centaurs
  Dowan (D:5)
  4 scorpions (D:5)
  2 killer bees
  An electric eel (D:6)
  2 crimson imps (D:5)
  A bullfrog zombie (D:6)
  9 orc wizards
  3 orc priests (D:5)
  A hound (D:4)
  A bullfrog skeleton (D:5)
  2 iguanas
  Natasha (twice) (D:2)
  5 worker ants
  A worker ant zombie (D:6)
  A gnoll (D:1)
  8 adders
  A shadow imp (D:6)
  An ooze (D:3)
  2 adder zombies (D:6)
  2 adder skeletons
  7 worms
  A dart slug (D:3)
  5 leopard geckos
  28 orcs
  4 ball pythons
  10 bats
  4 giant cockroaches
  6 goblins
  6 hobgoblins
  8 jackals
  7 quokkas
  5 frilled lizards
  5 kobolds
  A quokka skeleton (D:6)
  9 rats
  A plant (D:4)
164 creatures vanquished.

Vanquished Creatures (others)
  The ghost of McSplat the Archer, a novice CeHu of Okawaru (D:6)
  Eustachio (D:5)
  A killer bee (D:7)
  An iguana (D:6)
4 creatures vanquished.

Grand Total: 168 creatures vanquished

Notes
Turn   | Place    | Note
-------+----------+-------------------------------------------
     0 | D:1      | w00t the Mummy Fighter began the quest for the Orb.
     0 | D:1      | Reached XP level 1. HP: 18/18 MP: 1/1
   172 | D:1      | Reached XP level 2. HP: 24/24 MP: 2/2
   858 | D:1      | Reached XP level 3. HP: 24/29 MP: 3/3
  1579 | D:2      | Noticed Natasha
  1584 | D:2      | Killed Natasha
  1584 | D:2      | Reached XP level 4. HP: 24/35 MP: 4/4
  1791 | D:2      | Noticed Natasha
  1927 | D:2      | Killed Natasha
  2191 | D:2      | Found a white marble altar of Elyvilon.
  2471 | D:3      | Reached XP level 5. HP: 27/41 MP: 5/5
  3727 | D:4      | Found a staircase to the Ecumenical Temple.
  3787 | D:4      | Reached skill level 5 in Axes
  3918 | D:4      | Reached XP level 6. HP: 44/47 MP: 6/6
  4288 | D:4      | Found a bloodstained altar of Trog.
  4326 | D:4      | Noticed Grinder
  4467 | D:4      | Paralysed by Grinder for 5 turns
  4508 | D:5      | Entered Level 5 of the Dungeon
  4512 | D:5      | Noticed a sky beast
  4677 | D:5      | Found an ornate altar of the Wu Jian Council.
  4821 | D:5      | Killed a sky beast
  4821 | D:5      | Reached XP level 7. HP: 5/52 MP: 7/7
  5170 | D:5      | Noticed Eustachio
  5465 | D:5      | Noticed Menkaure
  5475 | D:5      | Killed Menkaure
  5802 | D:5      | Found a stormy altar of Qazlal.
  5841 | D:5      | Reached skill level 1 in Dodging
  6134 | D:5      | Noticed Duvessa
  6151 | D:5      | Noticed Dowan
  6153 | D:5      | Killed Duvessa
  6161 | D:5      | Killed Dowan
  6161 | D:5      | Reached XP level 8. HP: 42/58 MP: 8/8
  6281 | D:5      | Killed Eustachio
  6424 | Temple   | Entered the Ecumenical Temple
  6611 | Temple   | Became a worshipper of Gozag Ym Sagoz the Greedy
  6930 | D:5      | Reached skill level 5 in Dodging
  7615 | D:6      | Found Nen Jem's Book Boutique.
  7630 | D:6      | Noticed McSplat's ghost (novice CeHu)
  7636 | D:6      | Banished McSplat's ghost
  7636 | D:6      | Reached skill level 5 in Fighting
  7636 | D:6      | Reached XP level 9. HP: 68/68 MP: 9/9
  7781 | D:6      | Found a bloodstained altar of Trog.
  8670 | D:6      | HP: 2/72 [killer bee (3)]
  8672 | D:6      | Slain by a killer bee

Vault maps used:
D:1:      zaba_arrival_water
D:2:      lemuel_doored_altar, serial_glass, glass_columns_a, glass_columns_a,
          glass_columns_c, glass_columns_c, glass_columns_b, item_on_display_a,
          due_unseen_surprise, minmay_strange_pillars, uniq_natasha
D:3:      kennysheep_generic_room_15
D:4:      bloody_trog, minmay_temple_entry_grid, serial_forest,
          infiniplex_forest_straight_3, infiniplex_forest_lined_3_way,
          infiniplex_forest_clump_large, infiniplex_forest_clump_C,
          infiniplex_forest_end_1, infiniplex_forest_clump_tiny,
          infiniplex_forest_straight_3, infiniplex_forest_clump_diagonal,
          uniq_grinder
D:5:      kennysheep_mini_moat, nicolae_qazlal_general_emergency, first_bread,
          uniq_menkaure, uniq_duvessa, uniq_eustachio
D:6:      serial_shops, shop, minivault_14, hangedman_decor_riveting,
          trog_butcher_becter
D:7:      nicolae_overflow_crystal_walls, kennysheep_little_box
Temple:   bh_familiar_temple

Skill      XL: |  1  2  3  4  5  6  7  8  9 |
---------------+----------------------------+-----
Axes           | 2 3 4 5 6 7 |  7.3
Dodging        | 2 5 |  5.3
Fighting       | 5 7 |  7.1
Armour         | |  2.4
Shields        | |  2.4

Action                   |  1- 3 |  4- 6 |  7- 9 || total
-------------------------+-------+-------+-------++-------
Melee: War axe           |   139 |   227 |   237 ||   603
       Battleaxe         |       |       |   114 ||   114
Throw: Stone             |    76 |   110 |     3 ||   189
Invok: Potion Petition   |       |       |     1 ||     1
  Use: Scroll            |       |     6 |       ||     6
Armor: Scale mail        |    56 |    19 |       ||    75
       Chain mail        |       |   121 |   250 ||   371
Dodge: Dodged            |    48 |    50 |   189 ||   287
Block: Shield            |    82 |    91 |   144 ||   317
